 Dungeon Crawl Stone Soup version 0.30.1-11-g7821555f0a (webtiles) character file.

Game seed: 17949445879576470004

52229 Jerry the Basher (level 14, -1/143 HPs)
             Began as a Troll Gladiator on Dec 8, 2023.
             Was a Believer of Yredelemnul.
             Slain by a very large slime creature (38 damage)
             ... on level 14 of the Dungeon.
             The game lasted 01:12:02 (13304 turns).

Jerry the Basher (Troll Gladiator)                 Turns: 13304, Time: 01:12:03

Health: -1/143     AC: 12    Str: 38    XL:     14   Next: 26%
Magic:  20/20      EV:  5    Int:  6    God:    Yredelemnul [**....]
Gold:   983        SH: 28    Dex:  6    Spells: 13/13 levels left

rFire   + . .        f - +1 whip (elec)
rCold   + . .        g - +18 shield of the Gong {Loud rN+ Will+ rCorr EV-5}
rNeg    + + .        n - +5 robe "Duuhetua" {rN+ Str+5 Dex-5}
rPois   .            c - +1 hat
rElec   .            I - +1 cloak
rCorr   +            (gloves unavailable)
SInv    .            (boots unavailable)
Will    ++...        K - amulet of reflection
Stlth   +            h - ring of protection from fire
HPRegen 1.23/turn    H - +6 ring of strength
MPRegen 0.17/turn

%: reflection
@: no status effects
A: large, unfitting armour, claws 3, regeneration 1, shaggy fur 1, tough skin 1,
horns 1, cold resistance 1
a: Renounce Religion, Recall Undead Harvest, Dark Bargain


You were on level 14 of the Dungeon.
You worshipped Yredelemnul.
Yredelemnul was aware of your devotion.
You visited 2 branches of the dungeon, and saw 18 of its levels.

You collected 1021 gold pieces.
You spent 38 gold pieces at shops.

Inventory:

Hand Weapons
 a - a +1 heavy flail
 f - a +1 whip of electrocution (weapon)
 j - a +4 dire flail
 G - the +7 quarterstaff "Heipn" {flame, Fly Will- rCorr Stlth+}
   (You found it on level 2 of the Lair of Beasts)

   Fly:       It grants you flight.
   rCorr:     It protects you from acid and corrosion.
   Will:      It decreases your willpower.
   Stlth:     It makes you more stealthy.
Missiles
 d - 2 throwing nets (quivered)
 e - 4 large rocks
 A - 3 boomerangs of dispersal
Armour
 c - a +1 hat (worn)
 g - the +18 shield of the Gong (worn) {Loud rN+ Will+ rCorr EV-5}
   (You found it on level 7 of the Dungeon)

   Loud:      It is deafeningly noisy when blocking attacks.
   EV:        It affects your evasion (-5).
   rN:        It protects you from negative energy.
   rCorr:     It protects you from acid and corrosion.
   Will:      It increases your willpower.
 n - the +5 robe "Duuhetua" (worn) {rN+ Str+5 Dex-5}
   (You found it on level 3 of the Dungeon)

   Str:       It affects your strength (+5).
   Dex:       It affects your dexterity (-5).
   rN:        It protects you from negative energy.
 I - a +1 cloak (worn)
Jewellery
 h - a ring of protection from fire (left claw)
 y - a ring of flight
 B - a ring of protection from fire
 H - a +6 ring of strength (right claw)
 K - an amulet of reflection (around neck)
 O - a ring of wizardry
Wands
 r - a wand of charming (11)
 D - a wand of polymorph (5)
 J - a wand of flame (37)
Scrolls
 b - a scroll of enchant armour
 k - a scroll of blinking
 p - a scroll of brand weapon
 C - a scroll of enchant weapon
 E - 3 scrolls of butterflies
 L - a scroll of fog
 N - 2 scrolls of amnesia {unknown}
 P - a scroll of identify
Potions
 i - 6 potions of flight
 l - 4 potions of berserk rage
 m - a potion of invisibility
 o - 4 potions of lignification
 q - 3 potions of attraction
 s - 9 potions of curing
 t - a potion of haste
 u - 3 potions of magic
 v - 3 potions of ambrosia
 w - 6 potions of heal wounds
 x - 4 potions of cancellation
 z - a potion of resistance
 F - 5 potions of might {unknown}
 M - 3 potions of brilliance {unknown}


   Skills:
 - Level 10.1 Fighting
 + Level 11.0 Maces & Flails
 - Level 10.4 Throwing
 + Level 2.1 Armour
 + Level 10.0 Dodging
 + Level 10.3 Invocations


You had 13 spell levels left.
You didn't know any spells.
Your spell library contained the following spells:

 Spells                   Type           Power      Damage    Failure   Level
 Sandblast                Erth           0%         2d4       65%         1
 Ensorcelled Hibernation  Hex/Ice        0%         N/A       80%         2
 Passwall                 Tmut/Erth      0%         N/A       80%         2
 Sublimation of Blood     Necr           0%         N/A       80%         2
 Wereblood                Tmut           0%         N/A       80%         2
 Portal Projectile        Hex/Tloc       0%         N/A       95%         3
 Stone Arrow              Conj/Erth      0%         3d7       95%         3
 Swiftness                Air            0%         N/A       95%         3
 Tukima's Dance           Hex            0%         N/A       95%         3
 Summon Ice Beast         Ice/Summ       0%         N/A       100%        4
 Blade Hands              Tmut           0%         N/A       100%        5
 Summon Mana Viper        Hex/Summ       0%         N/A       100%        5
 Monstrous Menagerie      Summ           0%         N/A       100%        7
 Summon Hydra             Summ           0%         N/A       100%        7


Dungeon Overview and Level Annotations

Branches:
Dungeon (12/15)            Temple (0/1) D:7            Lair (5/5) D:10
 Shoals (0/4) Lair:3        Snake (0/4) Lair:3        Slime (0/5) Lair:4
    Orc (0/2) D:12

Altars:
Fedhas
Hepliaklqana
Nemelex Xobeh
Qazlal
Trog
Yredelemnul
Jiyva

Shops:
D:1 **[(*


Innate Abilities, Weirdness & Mutations

You are too large for most types of armour.
You have claws for hands.
Your natural rate of healing is unusually fast.
You are covered in fur. (AC +1)
You have tough skin. (AC +1)
You have a pair of small horns on your head.
Your flesh is cold resistant. (rC+)


Message History

The enormous slime creature hits your ogre zombie!!!
Your ogre zombie is destroyed!
You can no longer drain ambient life force.
You swap places.
The enormous slime creature hits your five-headed hydra zombie!!!
Your five-headed hydra zombie is destroyed!
Things that are here:
a +0 giant club; a +0 giant spiked club You swap places.
You see here a +0 giant club.
You see here a +0 giant club.
Found a stone staircase leading up.
Something hits your ogre zombie!!!
Your ogre zombie is destroyed!
Found a curved runed staff.
A slime creature comes into view.
The slime creature quivers.
Two slime creatures merge to form a large slime creature.
A slime creature merges with something you can't see.
You see here a +0 giant club.
A large slime creature splits.
You see here a +0 giant club.
You hit the slime creature.
The slime creature is severely wounded.
Your slime creature zombie hits the slime creature.
You barely miss the slime creature.
The slime creature is severely wounded.
Two slime creatures merge to form a very large slime creature.
You block the slime creature's attack.
SHROANNG!
You hear a shout! x5; You hear a horrible gurgling sound!
You hear a shout!
You hear a horrible gurgling sound! x2; You hear a shout!
You hit the slime creature but do no damage.
You headbutt the slime creature.
The slime creature is almost dead.
Your slime creature zombie hits the slime creature.
You hit the slime creature.
You kill the slime creature!
The very large slime creature hits you!!!
You die...
Your body rises from the dead as a mindless zombie.

. ....####... ##
............. .#
|.....<#..... #.#
.......#....# #.#
...?...#.##.## #.#
......#..##..###.#
.###............#
..........Z)##)..###
..###.##.Z@)..)..).######
..##...####J)##..........
........J)Z.....#.#######
.###)..####)##.##.# ##.#
#.###.#.# #. #.####..# #
#...# #.# ###.# #..# #.#
#.##


You could see a very large slime creature (ally target), a friendly slime
creature zombie and a friendly cyclops zombie.

Vanquished Creatures
  3 hydras
  2 catoblepae (Lair:5)
  Erica (D:8)
  2 death yaks (Lair:5)
  A harpy (Lair:3)
  Pikel (D:9)
  A manticore (D:11)
  An ugly thing (D:11)
  A cyclops (D:14)
  14 elephants
  2 black mambas (Lair:5)
  Joseph (D:7)
  2 vault sentinels (D:7)
  3 cane toads
  3 rime drakes
  5 komodo dragons
  A freezing wraith (D:14)
  A polar bear (Lair:5)
  6 blink frogs
  A hornet (D:8)
  5 wraiths
  2 slime creatures (D:14)
  4 wyverns
  29 yaks
  A shadow (D:12)
  2 basilisks
  A fire bat (D:5)
  3 steam dragons
  2 nagas (Lair:3)
  4 acid dragons
  11 water moccasins
  A sky beast (D:7)
  4 orc warriors
  3 ice beasts
  2 black bears
  4 ogres
  10 wolves (Lair:5)
  3 centaurs
  3 kobold brigands
  3 lemures (D:9)
  7 bullfrogs
  7 scorpions
  4 wights
  15 killer bees
  A howler monkey (D:5)
  3 hounds (D:6)
  A jelly (D:5)
  A lava snake (Lair:3)
  A gnoll bouda (D:9)
  Crazy Yiuf (D:7)
  An orc priest (D:8)
  Jessica (D:2)
  An iguana (D:5)
  7 orc wizards
  Robin (D:1)
  9 gnolls
  6 adders
  A white imp (D:6)
  3 ufetubi
  5 worms
  2 dart slugs
  23 orcs
  5 ball pythons
  5 bats
  5 endoplasms
  2 giant cockroaches
  6 hobgoblins
  5 jackals
  5 quokkas
  A frilled lizard (D:1)
  12 goblins
  17 kobolds
  7 rats
320 creatures vanquished.

Vanquished Creatures (collateral kills)
  Jorgrun (D:14)
  Josephine (D:10)
  2 hydras
  A centaur warrior (D:14)
  A death yak (Lair:5)
  A deep troll shaman (Lair:5)
  Lodul (D:14)
  2 harpies (Lair:3)
  4 elephants
  A black mamba (Lair:4)
  A cane toad (Lair:4)
  An unseen horror (D:11)
  A komodo dragon (Lair:2)
  A rime drake (Lair:2)
  A troll (D:10)
  3 blink frogs
  A polar bear (Lair:5)
  A slime creature (D:14)
  A shadow (D:11)
  A wyvern (D:11)
  23 yaks
  2 acid dragons
  2 nagas (Lair:3)
  2 water moccasins
  2 black bears (D:10)
  8 ogres
  5 wolves (Lair:5)
  3 centaurs
  3 bullfrogs
  A wight (D:8)
  A killer bee (D:9)
  An electric eel (Lair:3)
  2 hounds
  An adder (D:4)
  A white imp (D:8)
  4 orcs
  A goblin (D:2)
  4 kobolds
93 creatures vanquished.

Vanquished Creatures (others)
  A spectral hydra (D:14)
  A dwarf zombie (D:14)
  A hydra zombie (D:14)
  3 harpy zombies (Lair:3)
  2 black mamba zombies (Lair:5)
  A cane toad zombie (Lair:5)
  2 elephant zombies
  2 blink frog zombies (Lair:2)
  A komodo dragon zombie (D:10)
  A wyvern zombie (Lair:5)
  6 water moccasin zombies
  8 yak zombies
  4 wolf zombies (Lair:5)
  2 black bear zombies (D:10)
  4 bullfrog zombies
  3 centaur zombies
  A scorpion zombie (D:6)
  An orc wizard (D:8)
  A killer bee zombie (D:7)
  An ice beast zombie (D:7)
  5 ogre zombies (D:14)
  2 hound zombies
  3 adder zombies
  5 orcs
  A bat zombie (D:2)
  A kobold (D:8)
  An endoplasm zombie (D:4)
  2 kobold zombies
  9 orc zombies
  A quokka zombie (D:5)
  3 spectral ufetubi
79 creatures vanquished.

Grand Total: 492 creatures vanquished

Notes
Turn   | Place    | Note
-------+----------+-------------------------------------------
     0 | D:1      | Jerry the Troll Gladiator began the quest for the Orb.
     0 | D:1      | Reached XP level 1. HP: 19/19 MP: 0/0
     8 | D:1      | Found Zalosch's General Store.
   132 | D:1      | Reached XP level 2. HP: 21/28 MP: 1/1
   198 | D:1      | Found Loushred's Antique Weapon Emporium.
   218 | D:1      | Found Ekuamiy's General Store.
   385 | D:1      | Reached skill level 3 in Maces & Flails
   441 | D:1      | Found Hoakeup's Assorted Antiques.
   450 | D:1      | Bought a scroll labelled KAUMONEZOED for 19 gold pieces
   450 | D:1      | Bought a scroll labelled EDAMIJ KYR WAS for 19 gold pieces
   525 | D:1      | Found Teemaehe's Antique Armour Emporium.
   536 | D:1      | Reached XP level 3. HP: 35/35 MP: 2/2
   706 | D:2      | Noticed Robin
   709 | D:1      | Killed Robin
   813 | D:2      | Found a faded altar of an unknown god.
   823 | D:2      | Prayed at the altar of an unknown god.
   823 | D:2      | Became a worshipper of Yredelemnul the Dark
   823 | D:2      | Reached * piety under Yredelemnul
   954 | D:2      | Reached XP level 4. HP: 39/42 MP: 3/3
  1136 | D:2      | Reached ** piety under Yredelemnul
  1219 | D:2      | Noticed Jessica
  1226 | D:2      | Killed Jessica
  1479 | D:3      | Identified the +5 robe "Duuhetua" {rN+ Str+5 Dex-5}
  2000 | D:4      | Reached XP level 5. HP: 46/50 MP: 4/4
  2051 | D:4      | Reached skill level 1 in Invocations
  2064 | D:4      | Reached XP level 6. HP: 59/59 MP: 5/5
  2065 | D:4      | Noticed an ice beast
  2072 | D:4      | Killed an ice beast
  2073 | D:4      | Reached skill level 4 in Maces & Flails
  2229 | D:4      | Found a basalt altar of Yredelemnul.
  2256 | D:4      | Reached *** piety under Yredelemnul
  2527 | D:4      | Found a sparkling altar of Nemelex Xobeh.
  2548 | D:5      | Entered Level 5 of the Dungeon
  2659 | D:5      | Reached XP level 7. HP: 67/67 MP: 7/7
  3043 | D:5      | Found a transporter.
  3046 | D:5      | Noticed a fire bat
  3191 | D:5      | Found a transporter.
  3475 | D:5      | Reached XP level 8. HP: 57/78 MP: 9/9
  3748 | D:5      | Reached skill level 5 in Maces & Flails
  3943 | D:6      | Found a bloodstained altar of Trog.
  3996 | D:6      | Reached skill level 5 in Throwing
  4217 | D:6      | Reached skill level 5 in Dodging
  4253 | D:6      | Reached XP level 9. HP: 79/85 MP: 11/11
  4498 | D:7      | Reached skill level 5 in Fighting
  4547 | D:7      | Found a staircase to the Ecumenical Temple.
  4697 | D:7      | Noticed a vault sentinel
  4697 | D:7      | Noticed a vault sentinel
  4720 | D:7      | Killed a vault sentinel
  4721 | D:7      | Reached skill level 6 in Maces & Flails
  4724 | D:7      | Killed a vault sentinel
  4725 | D:7      | Reached skill level 5 in Invocations
  4966 | D:7      | Found a runed translucent door.
  4967 | D:7      | Noticed Crazy Yiuf
  4977 | D:7      | Killed Crazy Yiuf
  5191 | D:7      | Found the +18 shield of the Gong {Loud rN+ Will+ rCorr
                  | EV-5}
  5273 | D:7      | Noticed Joseph
  5283 | D:7      | Killed Joseph
  5284 | D:7      | Found a hazy altar of Hepliaklqana.
  5494 | D:7      | Reached XP level 10. HP: 97/98 MP: 13/13
  5506 | D:8      | Noticed Erica
  5761 | D:8      | Killed Erica
  5776 | D:8      | Found a blossoming altar of Fedhas.
  6145 | D:8      | Reached skill level 10 in Fighting
  6145 | D:8      | Reached XP level 11. HP: 117/117 MP: 14/14
  6146 | D:8      | Gained mutation: Your flesh is cold resistant. (rC+)
                  | [potion of mutation]
  6146 | D:8      | Gained mutation: You have a pair of small horns on your
                  | head. [potion of mutation]
  6233 | D:9      | Noticed Pikel
  6245 | D:9      | Killed Pikel
  6246 | D:9      | Reached skill level 7 in Maces & Flails
  6449 | D:9      | Reached **** piety under Yredelemnul
  6471 | D:9      | Reached ***** piety under Yredelemnul
  6594 | D:9      | Found a stormy altar of Qazlal.
  7010 | D:10     | Entered Level 10 of the Dungeon
  7266 | D:10     | Noticed Josephine
  7279 | D:10     | Killed Josephine
  7295 | D:9      | HP: 3/117 [killer bee (8)]
  7296 | D:9      | HP: 1/117 [poisoned by a killer bee]
  7450 | D:9      | Reached XP level 12. HP: 122/126 MP: 16/16
  7655 | D:10     | Found a staircase to the Lair.
  7818 | Lair:1   | Entered Level 1 of the Lair of Beasts
  7856 | Lair:1   | Reached skill level 8 in Maces & Flails
  8149 | Lair:1   | Reached ****** piety under Yredelemnul
  8769 | Lair:2   | Reached skill level 9 in Maces & Flails
  8868 | Lair:2   | Identified the +7 quarterstaff "Heipn" {flame, Fly Will-
                  | rCorr Stlth+}
  9344 | Lair:3   | Found a staircase to the Shoals.
  9369 | Lair:3   | Reached XP level 13. HP: 68/133 MP: 18/18
  9470 | Lair:3   | Found a staircase to the Snake Pit.
 10232 | Lair:4   | Found a staircase to the Slime Pits.
 10232 | Lair:4   | Found a viscous altar of Jiyva.
 11006 | Lair:5   | Entered Level 5 of the Lair of Beasts
 11135 | Lair:5   | Reached skill level 10 in Maces & Flails
 11567 | Lair:5   | Reached skill level 10 in Throwing
 12615 | D:11     | Reached skill level 10 in Invocations
 12615 | D:11     | Reached XP level 14. HP: 138/143 MP: 20/20
 13125 | D:12     | Reached skill level 1 in Armour
 13130 | D:12     | Found a staircase to the Orcish Mines.
 13130 | D:12     | You fall into a shaft and drop 2 floors!
 13186 | D:14     | Noticed Jorgrun
 13210 | D:14     | Killed Jorgrun
 13233 | D:14     | Noticed Lodul
 13235 | D:14     | Reached skill level 10 in Dodging
 13241 | D:14     | Killed Lodul
 13252 | D:14     | Your ally Jorgrun died
 13263 | D:14     | Reached skill level 11 in Maces & Flails
 13304 | D:14     | Slain by a very large slime creature

Illustrated notes

Levels and vault maps discovered:
D:1:      ldierk_walled_garden, layout_loops_ring, serial_shops, shop,
          nicolae_shop_peninsula, nicolae_shop_crystal, shop, shop
D:2:      layout_loops_ring, hellmonk_ecumenical_altar_slurped_away,
          uniq_jessica, uniq_robin
D:3:      layout_rooms
D:4:      layout_rooms, old_standard_altar, nemelex_diamond_rough_becter,
          guppyfry_early_lair_pool
D:5:      gammafunk_cloud_chamber, layout_basic
D:6:      layout_basic, lightli_temple_of_fire
D:7:      layout_cave_pools, overflow_temple_1_default, temple_pool_b,
          hellmonk_guarded_unrand_gong, uniq_joseph, uniq_crazy_yiuf_cottage
D:8:      layout_cave_pools, mainiacjoe_overflow_tiny_flanked,
          nicolae_two_hexagons, uniq_erica
D:9:      layout_basic, mainiacjoe_overflow_alcove_2, uniq_pikel
D:10:     layout_rooms, due_lair_maze_entry_diamond, minmay_misc_feat_encased,
          uniq_josephine
D:11:     layout_basic, minivault_20
D:12:     layout_long_grid, minmay_orc_entry_temple_small, serial_shops,
          nicolae_stop_n_shop_2, hangedman_glass_teeth
D:14:     gammafunk_beogh_shrine, layout_loops_ring, uniq_jorgrun, uniq_lodul,
          uniq_nessos
Lair:1:   layout_chaotic_city, serial_bayou_pond_a, grunt_megastairs_2
Lair:2:   layout_chaotic_city, minmay_lindwurm_lava, grunt_megastairs_3
Lair:3:   layout_gridlike, nicolae_shoals_entry_roost,
          minmay_snake_entry_guardpost_small
Lair:4:   layout_roguey, slime_entry_1, infiniplex_staircase_pool
Lair:5:   grunt_lair_end_beastmaster, layout_big_grid

Skill      XL: |  1  2  3  4  5  6  7  8  9 10 11 12 13 14 |
---------------+-------------------------------------------+-----
Throwing       | 2 3 4 5 6 7 9 10 | 10.4
Maces & Flails | 3 4 5 6 7 9 10 11 | 11.0
Fighting       | 2 3 4 5 10 | 10.1
Dodging        | 3 4 5 6 7 8 9 10 | 10.0
Invocations    | 1 2 3 4 5 7 8 10 | 10.3
Armour         | 2 |  2.1

Action                     |  1- 3 |  4- 6 |  7- 9 | 10-12 | 13-15 || total
---------------------------+-------+-------+-------+-------+-------++-------
  Melee: Flail             |   112 |   151 |   197 |    46 |       ||   506
         Punch             |       |       |     1 |       |       ||     1
         Whip              |       |       |       |   504 |   463 ||   967
         Headbutt          |       |       |       |   113 |   128 ||   241
  Throw: Throwing net      |       |       |     2 |     2 |       ||     4
         Large rock        |       |       |       |     1 |       ||     1
 Invoke: Recall Undead Har |       |       |       |       |     3 ||     3
         Bind Soul         |       |       |       |       |     1 ||     1
    Use: Scroll            |     4 |     4 |       |    13 |     5 ||    26
         Potion            |       |       |       |     3 |       ||     3
   Stab: Sleeping          |     3 |       |       |       |       ||     3
         Distracted        |       |       |       |     2 |     6 ||     8
         Petrified         |       |       |       |       |     4 ||     4
 Armour: Robe              |    60 |   143 |   193 |   179 |   115 ||   690
  Dodge: Dodged            |   101 |   129 |   168 |    50 |    32 ||   480
  Block: Kite shield       |       |       |    37 |   732 |   487 ||  1256
         Reflection        |       |       |     4 |     5 |    14 ||    23
